 Dungeon Crawl Stone Soup version 0.18.1-50-g88ac8fd (webtiles) character file.

1168 coolsiideri the Ducker (level 8, -5/61 HPs)
             Began as a Demonspawn Berserker on Oct 19, 2016.
             Was an Elder of Trog.
             Slain by Prince Ribbit (9 damage)
             ... on level 7 of the Dungeon.
             The game lasted 00:35:18 (6772 turns).

coolsiideri the Ducker (Demonspawn Berserker)       Turns: 6772, Time: 00:35:18

Health: -5/61      AC: 12    Str: 22    XL:     8   Next: 17%
Magic:  8/8        EV: 12    Int:  8    God:    Trog [****..]
Gold:   287        SH:  2    Dex: 13    Spells: 0 memorised, 7 levels left

rFire  . . .     SeeInvis .     E - +1 halberd (curse)
rCold  . . .     Gourm    .     y - +2 scale mail
rNeg   . . .     Faith    .     (shield currently unavailable)
rPois  .         Spirit   .     p - +0 helmet
rElec  .         Dismiss  .     (no cloak)
rCorr  .         Reflect  .     u - +0 pair of gloves
SustAt .         Harm     .     (no boots)
MR     .....                    (no amulet)
Stlth  +++.......               (no ring)
                                r - ring of stealth

@: heavily drained, not resistant to hostile enchantments, fairly stealthy
A: large bone plates 1, nightstalker 2, powered by death 1, strong 1
a: Berserk, Trog's Hand, Brothers in Arms, Burn Spellbooks, Renounce Religion


You were on level 7 of the Dungeon.
You worshipped Trog.
Trog was greatly pleased with you.
You were hungry.

You visited 1 branch of the dungeon, and saw 6 of its levels.

You collected 287 gold pieces.

Inventory:

Hand Weapons
 a - a +1 spear
 h - a +0 dagger of flaming
 l - a cursed +3 scimitar
 o - a +0 dagger of draining
 w - a +3 short sword
 E - a cursed +1 halberd (weapon)
Missiles
 v - 4 needles of sleeping
Armour
 p - a +0 helmet (worn)
 u - a +0 pair of gloves (worn)
 y - a +2 scale mail (worn)
 A - a +2 leather armour of positive energy
Jewellery
 q - an uncursed ring of ice
 r - a ring of stealth (left hand)
Wands
 B - a wand of lightning (0/15)
Scrolls
 d - a scroll of teleportation
 g - a scroll of blinking
 x - a scroll of magic mapping
Comestibles
 c - 2 bread rations
 f - 5 meat rations
 m - 8 fruits
 t - 3 beef jerkies
 D - a slice of pizza


   Skills:
 + Level 4.7(3.2) Fighting
 + Level 4.3(2.8) Polearms
 + Level 4.0(2.6) Armour
 + Level 5.9(4.3) Dodging
 + Level 3.1(1.6) Stealth


You had 7 spell levels left.
You didn't know any spells.

Dungeon Overview and Level Annotations

Branches:
Dungeon (8/15)
 Temple: D:4-7         Lair: D:8-11

Altars:
Fedhas
Ru
Sif Muna
Zin

Annotations:
D:3 baghtru's ghost, amateur HOFi
D:7 Prince Ribbit


Innate Abilities, Weirdness & Mutations

You are partially covered in large bone plates (AC +2, SH +2).
You are significantly more attuned to the shadows.
You regenerate a little health from kills.
Your muscles are strong. (Str +2)


Message History

Prince Ribbit hits you! Prince Ribbit closely misses you.
You closely miss Prince Ribbit.
Prince Ribbit is moderately wounded.
Prince Ribbit hits you.
* * * LOW HITPOINT WARNING * * *
Prince Ribbit hits you!
* * * LOW HITPOINT WARNING * * *
Prince Ribbit blinks!
Prince Ribbit hits you.
* * * LOW HITPOINT WARNING * * *
You see here a scorpion corpse.
You block Prince Ribbit's attack. Prince Ribbit hits you.
* * * LOW HITPOINT WARNING * * *
Prince Ribbit blinks!
Prince Ribbit blinks!
Prince Ribbit blinks!
Prince Ribbit blinks!
Prince Ribbit hits you!
You die...

#####################.# #.# #.#
########.........##...#####># #.#
...................<(.....#)###.#
########..............###........
#.............######..##.#
#..........##..........#.#
#####..#...##...#####...<.
##.[##..#####....##.###.
#......@...#####........
#...§..F...#######......
#....[...†>......##.....
#.......................
#...............###.....
#......§..........#.....
#...................F...
#...............(.......
#.............#.........


You could see Prince Ribbit.

Vanquished Creatures
  A hippogriff (D:7)
  2 ogres (D:4)
  A centaur (D:7)
  A scorpion (D:7)
  4 wights (D:7)
  A howler monkey (D:4)
  2 orc wizards
  3 orc priests
  Ijyb (D:3)
  3 worker ants
  A hound zombie (D:7)
  2 hound skeletons
  Robin (D:2)
  8 adders
  3 oozes
  4 worms
  2 giant geckos (D:7)
  19 orcs
  2 giant cockroaches
  23 goblins
  7 hobgoblins
  18 jackals
  6 kobolds
  2 quokkas (D:2)
  11 bats
  A giant gecko skeleton (D:7)
  4 giant newts
  8 rats
141 creatures vanquished.

Notes
Turn   | Place    | Note
--------------------------------------------------------------
     0 | D:1      | coolsiideri the Demonspawn Berserker began the quest for the Orb.
     0 | D:1      | Reached XP level 1. HP: 18/18 MP: 1/1
   380 | D:1      | Gained mutation: You are slightly more attuned to the shadows. [demonic ancestry]
   380 | D:1      | Reached XP level 2. HP: 16/24 MP: 2/2
   669 | D:1      | Reached skill level 2 in Dodging
   712 | D:1      | Reached ** piety under Trog
   812 | D:1      | Gained mutation: You regenerate a little health from kills. [demonic ancestry]
   812 | D:1      | Reached XP level 3. HP: 10/29 MP: 3/3
  1515 | D:2      | Noticed Robin
  1537 | D:2      | Killed Robin
  1537 | D:2      | Reached skill level 1 in Stealth
  1537 | D:2      | Gained mutation: You are significantly more attuned to the shadows. [demonic ancestry]
  1537 | D:2      | Reached XP level 4. HP: 37/37 MP: 4/4
  1550 | D:2      | Gained mutation: Your muscles are strong. (Str +2) [potion of beneficial mutation]
  2053 | D:2      | Found a sacrificial altar of Ru.
  2173 | D:3      | Noticed baghtru's ghost (amateur HOFi)
  2405 | D:3      | Reached *** piety under Trog
  2405 | D:3      | Reached skill level 3 in Dodging
  3107 | D:3      | Gained mutation: You are partially covered in large bone plates (AC +2, SH +2). [demonic ancestry]
  3107 | D:3      | Reached XP level 5. HP: 38/42 MP: 5/5
  3851 | D:3      | Noticed Ijyb
  3897 | D:3      | Killed Ijyb
  3976 | D:3      | Found a deep blue altar of Sif Muna.
  4239 | D:4      | Reached **** piety under Trog
  4289 | D:4      | Noticed an ogre
  4302 | D:4      | Killed an ogre
  4302 | D:4      | Reached XP level 6. HP: 17/48 MP: 6/6
  4566 | D:4      | Reached skill level 4 in Dodging
  4723 | D:4      | Reached XP level 7. HP: 54/54 MP: 7/7
  5334 | D:4      | You fall through a shaft for 3 floors!
  5397 | D:7      | Reached skill level 5 in Dodging
  5773 | D:7      | Found a blossoming altar of Fedhas.
  6019 | D:7      | Noticed Prince Ribbit
  6315 | D:7      | Found a glowing silver altar of Zin.
  6420 | D:7      | Noticed a hippogriff
  6437 | D:7      | Killed a hippogriff
  6437 | D:7      | Reached XP level 8. HP: 28/61 MP: 8/8
  6767 | D:7      | HP: 3/61 [Prince Ribbit (6)]
  6772 | D:7      | Slain by Prince Ribbit

Skill      XL: |  1  2  3  4  5  6  7 |
---------------+----------------------+-----
Polearms       | 3 4 |  4.3
Dodging        | 2 3 4 5 |  5.9
Stealth        | 1 2 3 |  3.1
Armour         | 2 3 4 |  4.0
Fighting       | 4 |  4.7

Action                   |  1- 3 |  4- 6 |  7- 9 || total
-------------------------+-------+-------+-------++-------
Melee: Spear             |   148 |   343 |   252 ||   743
       Halberd           |       |       |    46 ||    46
Evoke: Wand              |       |       |     2 ||     2
  Use: Scroll            |     9 |     9 |     9 ||    27
       Potion            |     4 |     1 |     8 ||    13
 Stab: Sleeping          |     4 |    13 |     2 ||    19
       Distracted        |       |       |     3 ||     3
  Eat: Bread ration      |     1 |       |       ||     1
       Chunk             |       |     7 |     5 ||    12
       Pizza             |       |     1 |       ||     1
       Royal jelly       |       |       |     1 ||     1
Armor: Animal skin       |    30 |       |       ||    30
       Ring mail         |     5 |   118 |       ||   123
       Skin              |     2 |       |    53 ||    55
       Scale mail        |       |    41 |   141 ||   182
Dodge: Dodged            |   112 |   250 |   211 ||   573
Block: Other             |       |    19 |    23 ||    42
